 Dungeon Crawl Stone Soup version 0.28.0 (webtiles) character file.

Game seed: 15137297331808337352

6 oldriver the Grasshopper (level 1, -2/18 HPs)
             Began as a Ghoul Warper on Feb 12, 2022.
             Slain by a gnoll (8 damage)
             ... on level 1 of the Dungeon.
             The game lasted 00:00:25 (509 turns).

oldriver the Grasshopper (Ghoul Warper)              Turns: 509, Time: 00:00:25

Health: -2/18      AC:  3    Str: 14    XL:     1   Next: 90%
Magic:  2/2        EV: 11    Int:  8    God:
Gold:   13         SH:  0    Dex:  8    Spells: 3/3 levels left

rFire   . . .      SeeInvis .     - Unarmed
rCold   + . .      Faith    .   (no shield)
rNeg    + + +      Spirit   .   a - +0 leather armour
rPois   ∞          Reflect  .   (no helmet)
rElec   .          Harm     .   (no cloak)
rCorr   .          Rampage  .   (no gloves)
Will    .....                   (no boots)
Stlth   +.........              (no amulet)
HPRegen 0.00/turn               (no ring)
MPRegen 0.08/turn               (no ring)

@: inhibited regen
A: claws 1, cold resistance 1, negative energy resistance 3, inhibited
regeneration, torment resistance 2
a: no special abilities


You were on level 1 of the Dungeon.
You visited 1 branch of the dungeon, and saw 1 of its levels.

You collected 13 gold pieces.

Inventory:

Missiles
 c - 5 boomerangs of dispersal (quivered)
Armour
 a - a +0 leather armour (worn)
Jewellery
 d - a +4 ring of protection
Scrolls
 b - a scroll of blinking
 e - a scroll of identify {unknown}
 g - a scroll of torment {unknown}
Potions
 f - a potion of brilliance {unknown}


   Skills:
 + Level 2.3 Fighting
 - Level 1.0 Throwing
 + Level 1.0 Armour
 + Level 1.9 Dodging
 + Level 2.3 Unarmed Combat
 - Level 1.7 Spellcasting
 - Level 2.7 Translocations


You had 3 spell levels left.
You didn't know any spells.
Your spell library contained the following spells:

 Spells                   Type           Power      Damage    Failure   Level
 Blink                    Tloc           10%        N/A       22%         2
 Gell's Gravitas          Tloc           5%         N/A       41%         3
 Lesser Beckoning         Tloc           5%         N/A       41%         3
 Teleport Other           Tloc           5%         N/A       41%         3
 Manifold Assault         Tloc           5%         N/A       99%         5


Dungeon Overview and Level Annotations

Branches:
Dungeon (1/15)

Altars:


Innate Abilities, Weirdness & Mutations

You thrive by killing the living.
You are immune to poison.
You have sharp fingernails.
Your flesh is cold resistant. (rC+)
You are immune to negative energy. (rN+++)
You do not regenerate when monsters are visible.
You are immune to unholy pain and torment.


Message History

You barely miss the endoplasm. The endoplasm misses you.
An endoplasm is nearby!
An endoplasm is nearby!
An endoplasm is nearby!
An endoplasm is nearby!
You scratch the endoplasm.
The endoplasm is moderately wounded.
You completely miss the endoplasm.
The endoplasm is moderately wounded.
The endoplasm hits you but does no damage.
You scratch the endoplasm.
The endoplasm is severely wounded.
The endoplasm hits you but does no damage.
You scratch the endoplasm.
You kill the endoplasm!
Found a stone staircase leading down.
There is a stone staircase leading down here.
A gnoll comes into view. It is wielding a +0 flail.
The gnoll shouts!
A gnoll is nearby!
A gnoll is nearby!
A gnoll is nearby!
The gnoll hits you with a +0 flail!
Ouch! That really hurt!
You are too injured to fight recklessly!
You are too injured to fight recklessly!
You are too injured to fight recklessly!
You are too injured to fight recklessly!
You are too injured to fight recklessly!
You are too injured to fight recklessly!
You are too injured to fight recklessly!
You are too injured to fight recklessly!
You are too injured to fight recklessly!
You are too injured to fight recklessly!
You are too injured to fight recklessly!
A gnoll is nearby!
You claw the gnoll!
The gnoll is heavily wounded.
The gnoll hits you with a +0 flail!
You die...

#..####...###.###.#.# #..#####.
#..# #....#...#....# #........
#..# #..#...#...#..# ##.#.....
...# #....#........# #..#.###
#.## #...##.....##.# ###.###...
#.#####.####.#...# .# #....#.##.
........# #.#...## ##.#.#.###.
........####.#....#.###.......†..
#.#####.........@g......#########
#)# ######.##......... #.#
#.#########.. #.# #.# #.# #>#
#.##### #.# #.....# #.# #####.#
#.# #.# #.#


You could see a gnoll.

Vanquished Creatures
  An endoplasm (D:1)
  2 giant cockroaches (D:1)
  2 kobolds (D:1)
5 creatures vanquished.

Notes
Turn   | Place    | Note
-------+----------+-------------------------------------------
     0 | D:1      | oldriver the Ghoul Warper began the quest for the Orb.
     0 | D:1      | Reached XP level 1. HP: 17/17 MP: 2/2
   121 | D:1      | Reached skill level 1 in Throwing
   149 | D:1      | Reached skill level 1 in Armour
   509 | D:1      | Slain by a gnoll

Illustrated notes

Levels and vault maps discovered:
D:1:      amcnicky_arrival_gap_in_the_tavern_cellar, layout_loops_ring,
          minivault_5, minmay_misc_feat_four_crosses

Skill      XL: |  1 |
---------------+----+-----
Throwing       | 1 |  1.0
Armour         | 1 |  1.0
Fighting       | |  2.3
Dodging        | |  1.9
Unarmed Combat | |  2.3
Spellcasting   | |  1.7
Translocations | |  2.7

Action                   || total
-------------------------++-------
Melee: Unarmed           ||    17
Armor: Leather armour    ||     7
Dodge: Dodged            ||     9
